 Dungeon Crawl Stone Soup version 0.31-a0-1499-ge0622b2318 (webtiles) character file.

Game seed: 7562972286925278949

2 Persephone the Shield-Bearer (level 1, 0/14 HPs)
             Began as a Gargoyle Fighter on Dec 29, 2023.
             Frozen to death by an endoplasm (5 damage)
             ... on level 1 of the Dungeon.
             The game lasted 00:00:16 (156 turns).

Persephone the Shield-Bearer (Gargoyle Fighter)      Turns: 156, Time: 00:00:17

Health: 0/14       AC:  9    Str: 19    XL:     1   Next: 40%
Magic:  1/1        EV:  9    Int:  8    God:
Gold:   0          SH:  4    Dex:  9    Spells: 0/0 levels left

rFire   . . .        a - +0 flail
rCold   . . .        c - +0 buckler
rNeg    + . .        b - +0 scale mail
rPois   ∞            (no helmet)
rElec   +            (no cloak)
rCorr   .            (no gloves)
SInv    .            (no boots)
Will    .....        (no amulet) Stlth
                     (no ring)
HPRegen 0.22/turn    (no ring)
MPRegen 0.07/turn

%: no passive effects
@: no status effects
A: sickness immunity, AC +2, negative energy resistance 1, electricity
resistance, torment resistance 1, petrification resistance
a: no special abilities


You were on level 1 of the Dungeon.
You visited 1 branch of the dungeon, and saw 1 of its levels.

Inventory:

Hand Weapons
 a - a +0 flail (weapon)
Armour
 b - a +0 scale mail (worn)
 c - a +0 buckler (worn)
Scrolls
 e - a scroll of poison {unknown}
Potions
 d - a potion of might
 f - a potion of attraction {unknown}


   Skills:
 - Level 3.2 Fighting
 + Level 2.2 Maces & Flails
 - Level 3.2 Armour
 - Level 3.2 Shields


You couldn't memorise any spells.
You didn't know any spells.
Your spell library was empty.

Dungeon Overview and Level Annotations

Branches:
Dungeon (1/15)

Altars:


Innate Abilities, Weirdness & Mutations

You are immune to sickness and miasma.
Your stone body is resilient. (AC +2)
You are immune to poison.
You resist negative energy. (rN+)
You are resistant to electric shocks. (rElec)
You are resistant to unholy torment.
You are immune to petrification.


Message History

You kill the ball python!
A kobold comes into view. It is wielding a +0 short sword.
The kobold shouts!
You hear a shout!
The kobold throws a stone.
The stone hits you.
A hobgoblin comes into view.
The hobgoblin shouts!
The kobold throws a stone.
The stone hits you but does no damage.
A quokka comes into view.
Auto kill stopped - Too dangerous: Extremely Dangerous (0) Dangerous (0) Easy (3) Harmless (0)
The kobold hits you but does no damage.
An endoplasm comes into view.
A frilled lizard comes into view.
The frilled lizard hisses angrily.
The endoplasm quivers.
You hit the kobold.
You kill the kobold!
You closely miss the hobgoblin. The hobgoblin barely misses you. x2
You hit the hobgoblin.
The hobgoblin is almost dead.
The hobgoblin closely misses you. The quokka closely misses you.
You hit the hobgoblin.
You kill the hobgoblin!
The quokka barely misses you.
You closely miss the quokka. The quokka bites you.
The quokka barely misses you. The endoplasm barely misses you.
You closely miss the quokka.
The quokka bites you but does no damage.
The endoplasm barely misses you.
You barely miss the quokka. You block the quokka's attack.
The endoplasm freezes you.
You are frozen.
The frilled lizard bites you.
* * * LOW HITPOINT WARNING * * *
You block the quokka's attack.
You are too injured to fight recklessly!
You hit the endoplasm.
The endoplasm is lightly wounded.
The quokka closely misses you. The frilled lizard closely misses you.
The endoplasm closely misses you. The endoplasm freezes you.
You are frozen.
You die...

~~#~.≈.♣....# .~.♣.......#
♣#♣...~~≈....#
..~~...~~....# #~~.........#
###..........#
......rJl....+ #...@#
######## ####.## #......####
#..## #.........#####..# .
###.####.......###.## ..
....#..####.....##..# ...
....#.....###....##.## ....
#######.....##....#..##...).
#.....###....##..†##........


You could see an endoplasm, a quokka and a frilled lizard.

Vanquished Creatures
  A hobgoblin (D:1)
  A ball python (D:1)
  A kobold (D:1)
3 creatures vanquished.

Notes
Turn   | Place    | Note
-------+----------+-------------------------------------------
     0 | D:1      | Persephone the Gargoyle Fighter began the quest for the
                  | Orb.
     0 | D:1      | Reached XP level 1. HP: 14/14 MP: 1/1
   156 | D:1      | Frozen to death by an endoplasm

Illustrated notes

Levels and vault maps discovered:
D:1:      dpeg_arrival_circle_labyrinth_b, layout_basic, serial_shops,
          nicolae_shop_back_alley_shop, chequers_serial_rivers_marsh

Action                     || total
---------------------------++-------
  Melee: Flail             ||    10
 Armour: Scale mail        ||     7
  Dodge: Dodged            ||    12
  Block: Buckler           ||     2

Table legend: (Time is in decaauts)
 A = Elapsed time spent in this place.
 B = Non-inter-level travel time spent in this place.
 C = Inter-level travel time spent in this place.
 D = Time resting spent in this place.
 E = Time spent auto-exploring this place.
 F = Levels seen in this place.
 G = Mean time per level.
                   A        B        C        D        E       F      G
               +--------+--------+--------+--------+--------+-----+--------+
         Total |    158 |    158 |      0 |      0 |    137 |   1 |  158.0 |
       Dungeon |    158 |    158 |      0 |      0 |    137 |   1 |  158.0 |
               +--------+--------+--------+--------+--------+-----+--------+

Top non-repeatable levels by time:
     D:1: 158 daAuts
